 Dungeon Crawl Stone Soup version 0.31.0-9-g3a7656b989 (webtiles) character file.

Game seed: 16647384779457556849

599 qw the Skirmisher (level 7, -1/40 HPs)
             Began as a Deep Elf Hunter on Feb 2, 2024.
             Incinerated by a bombardier beetle (2 damage)
             ... with a burning spray
             ... on level 5 of the Dungeon.
             The game lasted 00:00:13 (3604 turns).

qw the Skirmisher (Deep Elf Hunter)                 Turns: 3604, Time: 00:00:13

Health: -1/40      AC: 10    Str: 10    XL:     7   Next: 17%
Magic:  9/9        EV: 11    Int: 14    God:
Gold:   208        SH:  0    Dex: 18    Spells: 6/6 levels left

rFire   . . .        a - +1 shortbow
rCold   . . .        (shield currently unavailable)
rNeg    . . .        f - +1 ring mail
rPois   +            (no helmet)
rElec   .            l - +0 cloak
rCorr   .            (no gloves)
SInv    .            d - +2 pair of boots {Stlth+}
Will    .....        (no amulet)
Stlth   +            c - ring of poison resistance
HPRegen 0.26/turn    (no ring)
MPRegen 0.11/turn

%: no passive effects
@: on fire, glowing
A: no striking features
a: no special abilities


You were on level 5 of the Dungeon.
You visited 1 branch of the dungeon, and saw 6 of its levels.

You collected 208 gold pieces.


   Skills:
 - Level 2.1 Fighting
 + Level 10.4 Ranged Weapons
 - Level 1.7 Armour
 - Level 3.3 Dodging
 - Level 1.2 Stealth


You had 6 spell levels left.
You didn't know any spells.
Your spell library was empty.

Inventory:

Hand Weapons
 a - a +1 shortbow (weapon)
Armour
 d - a +2 pair of boots of stealth (worn)
 f - a +1 ring mail (worn)
 l - a +0 cloak (worn)
Jewellery
 c - a ring of poison resistance (left hand)
Wands
 k - a wand of flame (25)
Potions
 e - a potion of might {unknown}
 h - a potion of lignification {unknown}
 i - a potion of ambrosia {unknown}
 j - a potion of brilliance {unknown}

Dungeon Overview and Level Annotations

Branches:
Dungeon (6/15)
 Temple: D:4-7

Altars:
Yredelemnul
Zin


Message History

The arrow barely misses the bombardier beetle.
You shoot an arrow. The arrow hits the bombardier beetle.
The bombardier beetle is lightly wounded.
The bombardier beetle bites you but does no damage.
You shoot an arrow. The arrow hits the bombardier beetle.
The bombardier beetle is heavily wounded.
The bombardier beetle sprays incendiary fluid at you.
The burning spray hits you.
You are covered in liquid fire!
You shoot an arrow. The arrow hits the bombardier beetle!
The bombardier beetle is almost dead.
The liquid fire burns you!
You shoot an arrow.
The arrow closely misses the bombardier beetle.
The liquid fire burns you!
The bombardier beetle barely misses you.
You shoot an arrow.
The arrow hits the bombardier beetle but does no damage.
The bombardier beetle is almost dead.
The liquid fire burns you!
You shoot an arrow. The arrow hits the bombardier beetle.
You kill the bombardier beetle!
The liquid fire burns you!
You are on fire!
The liquid fire burns you!
You are on fire!
The liquid fire burns you!
You are on fire!
The liquid fire burns you!
You are on fire!
The liquid fire burns you!
You are on fire!
The liquid fire burns you!
You are on fire!
The liquid fire burns you!
You are on fire!
The liquid fire burns you!
You are on fire!
The liquid fire burns you!
You die...

.##...#.......#.<...8.......
.#.....<......#........##...
.#............######..## ..
.#.............# .##.## .
.#.............# .##+#
#.............##.#
######.........#.##
#########.#..+ #.@#
#.......... #..~~~~~¤.##
#...¤¤~~¤~.# #.#.~~}_~~.#
.....¤~)>¤~.# +....$~~~¤~~.#
#.....~~~~~~.#


There were no monsters in sight!

Vanquished Creatures
  A black bear (D:4)
  Blork the orc (D:6)
  2 scorpions
  A howler monkey (D:4)
  A bombardier beetle (D:5)
  2 orc priests (D:2)
  A gnoll bouda (D:4)
  A jelly (D:4)
  A sleepcap (D:5)
  3 gnolls (D:4)
  4 adders
  2 orcs (D:2)
  4 ball pythons
  6 endoplasms
  A giant cockroach (D:2)
  3 goblins
  8 hobgoblins
  2 jackals (D:1)
  3 quokkas
  5 bats
  3 frilled lizards
  5 kobolds
  4 rats
64 creatures vanquished.

Notes
Turn   | Place    | Note
-------+----------+-------------------------------------------
     0 | D:1      | qw the Deep Elf Hunter began the quest for the Orb.
     0 | D:1      | Reached XP level 1. HP: 12/12 MP: 3/3
     0 | D:1      | 0 ||| qw: Version: 0.3-a-155-g5e7d8dd
     0 | D:1      | 0 ||| qw: Game counter: 1859
     0 | D:1      | 0 ||| qw: Melee chars always use a shield: true
     0 | D:1      | 0 ||| qw: God list: Okawaru
     0 | D:1      | 0 ||| qw: Allow faded altars: false
     0 | D:1      | 0 ||| qw: Do Orc after clearing Dungeon:15 true
     0 | D:1      | 0 ||| qw: Do second Lair branch before Depths: true
     0 | D:1      | 0 ||| qw: Lair rune preference: random
     0 | D:1      | 0 ||| qw: Goals: Normal
     0 | D:1      | 0 ||| PLANNING D:1-11
   319 | D:1      | Reached XP level 2. HP: 16/16 MP: 4/4
   331 | D:1      | Reached skill level 6 in Ranged Weapons
   798 | D:1      | 798 ||| UPGRADING to +0 ring mail.
   808 | D:1      | 808 ||| DROPPING +0 leather armour.
   809 | D:1      | 809 ||| UPGRADING to +0 pair of boots.
   814 | D:1      | 814 ||| READING scroll labelled TIHUYG ITITU.
   817 | D:1      | 817 ||| READING scroll labelled PUFETUOREG.
   817 | D:1      | 817 ||| IDENTIFYING murky inky potion
   818 | D:1      | 818 ||| READING scroll labelled FEDUOK BATU.
   819 | D:1      | 819 ||| READING scroll labelled ELUSCHIZIAM.
   820 | D:1      | 820 ||| READING scroll labelled WOFFOG FAOXERGHA.
   820 | D:1      | 820 ||| ENCHANTING +0 shortbow.
   821 | D:1      | 821 ||| DROPPING scroll of butterflies.
   865 | D:2      | Reached XP level 3. HP: 20/20 MP: 5/5
   995 | D:2      | Reached skill level 7 in Ranged Weapons
  1001 | D:2      | HP: 1/20 [orc priest/divine providence (14)]
  1002 | D:2      | Reached XP level 4. HP: 1/25 MP: 6/6
  1002 | D:2      | 1002 ||| DRINKING potion of heal wounds.
  1138 | D:2      | Reached skill level 8 in Ranged Weapons
  1329 | D:2      | 1329 ||| READING scroll labelled SIUPNE EJU JUT.
  1329 | D:2      | Identified a scroll of acquirement
  1329 | D:2      | 1329 ||| ACQUIRING +2 pair of boots of stealth
  1329 | D:2      | Acquired a +2 pair of boots of stealth
  1331 | D:2      | 1331 ||| UPGRADING to +2 pair of boots of stealth.
  1341 | D:2      | 1341 ||| DROPPING +0 pair of boots.
  1342 | D:2      | 1342 ||| DRINKING 3 clear potions.
  1343 | D:2      | 1343 ||| DROPPING 2 potions of attraction.
  2197 | D:3      | 2197 ||| DROPPING ring of magical power.
  2198 | D:3      | 2198 ||| READING scroll labelled GAIPSY SAIWKY.
  2199 | D:3      | 2199 ||| READING scroll labelled RAINIC OT CAVE.
  2390 | D:4      | Noticed a scorpion
  2397 | D:4      | Killed a scorpion
  2398 | D:4      | Reached XP level 5. HP: 19/29 MP: 7/7
  2574 | D:4      | Reached skill level 9 in Ranged Weapons
  2607 | D:4      | HP: 5/30 [frozen (4)]
  2614 | D:4      | Noticed a black bear
  2615 | D:4      | 2615 ||| FLEEEEING.
  2621 | D:4      | 2621 ||| FLEEEEING.
  2622 | D:4      | 2622 ||| FLEEEEING.
  2623 | D:4      | 2623 ||| FLEEEEING.
  2624 | D:4      | 2624 ||| FLEEEEING.
  2625 | D:4      | 2625 ||| FLEEEEING.
  2626 | D:4      | 2626 ||| FLEEEEING.
  2627 | D:4      | 2627 ||| FLEEEEING.
  2628 | D:4      | 2628 ||| FLEEEEING.
  2629 | D:4      | 2629 ||| FLEEEEING.
  2631 | D:4      | 2631 ||| FLEEEEING.
  2632 | D:4      | 2632 ||| FLEEEEING.
  2633 | D:4      | 2633 ||| FLEEEEING.
  2634 | D:4      | 2634 ||| FLEEEEING.
  2635 | D:4      | 2635 ||| FLEEEEING.
  2636 | D:4      | 2636 ||| FLEEEEING.
  2637 | D:4      | 2637 ||| FLEEEEING.
  2638 | D:4      | 2638 ||| STAIRDANCE
  2717 | D:3      | 2717 ||| UPGRADING to ring of poison resistance.
  2718 | D:3      | 2718 ||| READING scroll labelled GIGONI RUALUEN.
  2718 | D:3      | 2718 ||| ENCHANTING +0 ring mail.
  2719 | D:3      | 2719 ||| READING scroll labelled KEOMED QECI.
  2791 | D:4      | Reached XP level 6. HP: 29/35 MP: 8/8
  2850 | D:4      | Found a glowing silver altar of Zin.
  3227 | D:4      | Reached skill level 10 in Ranged Weapons
  3287 | D:4      | 3287 ||| UPGRADING to +0 cloak.
  3292 | D:4      | 3292 ||| READING scroll of identify.
  3292 | D:4      | 3292 ||| IDENTIFYING fuming inky potion
  3293 | D:4      | 3293 ||| DROPPING potion of degeneration.
  3312 | D:5      | Entered Level 5 of the Dungeon
  3347 | D:5      | Reached skill level 1 in Armour
  3382 | D:5      | You fall into a shaft and drop 1 floor!
  3383 | D:6      | Noticed Blork the orc
  3395 | D:6      | Killed Blork the orc
  3396 | D:6      | Reached skill level 3 in Dodging
  3396 | D:6      | Reached XP level 7. HP: 17/40 MP: 9/9
  3583 | D:5      | Found a basalt altar of Yredelemnul.
  3602 | D:5      | HP: 6/40 [burnt (5)]
  3603 | D:5      | HP: 1/40 [burnt (5)]
  3604 | D:5      | Incinerated by a bombardier beetle

Levels and vault maps discovered:
D:1:      dpeg_arrival_ternary, layout_basic, st_stairs_14, minivault_11
D:2:      layout_rooms, minmay_pentomino_p2
D:3:      layout_loops_corners
D:4:      layout_loops_ring, mainiacjoe_overflow_alcove_2
D:5:      layout_basic, general_overflow_altar,
          minmay_temple_entry_statues_fountains, grunt_ministairs_14
D:6:      layout_loops_ring, kennysheep_generic_room_4, uniq_grinder,
          uniq_blork_the_orc

Skill      XL: |  1  2  3  4  5  6 |
---------------+-------------------+-----
Ranged Weapons | 6 7 8 9 10 | 10.4
Fighting       | 2 |  2.1
Armour         | 1 |  1.7
Dodging        | 3 |  3.3
Stealth        | |  1.2

Action                     |  1- 3 |  4- 6 |  7- 9 || total
---------------------------+-------+-------+-------++-------
   Fire: Shortbow          |    76 |   155 |     8 ||   239
    Use: Scroll            |     5 |     6 |       ||    11
         Potion            |       |     2 |       ||     2
 Armour: Leather armour    |     6 |       |       ||     6
         Ring mail         |     6 |    65 |     1 ||    72
  Dodge: Dodged            |    12 |    39 |     1 ||    52

Table legend:
 A = Non-vault XP
 B = Vault XP
 C = Vault XP percentage of total XP
 D = Non-vault monster count
 E = Vault monster count
 F = Vault count percentage of total count
                 A         B        C        D         E       F
            +---------+---------+-------+---------+---------+-------
      Total |     719 |     138 |  16.1 |      57 |       7 |  10.9
            +---------+---------+-------+---------+---------+-------
        D:1 |      25 |       3 |  10.7 |      16 |       2 |  11.1
        D:2 |     121 |       3 |   2.4 |      16 |       2 |  11.1
        D:3 |      31 |       0 |   0.0 |       5 |       0 |   0.0
        D:4 |     413 |       0 |   0.0 |      18 |       0 |   0.0
        D:5 |     129 |      41 |  24.1 |       2 |       2 |  50.0
        D:6 |       0 |      91 | 100.0 |       0 |       1 | 100.0
            +---------+---------+-------+---------+---------+-------
